Blue Jackets vs Canucks
Created - March 21, 2022 at 19:41
Goals
|
Blue Jackets |
1 |
0 |
0 |
1 |
Canucks |
1 |
1 |
1 |
3 |
|
Shots
|
Blue Jackets |
9 |
10 |
5 |
24 |
Canucks |
9 |
6 |
7 |
22 |
|
1st period
1. Canucks , Jason Akeson 6 (Paul Stastny 14, Derick Brassard 32) at 16:16
2. Blue Jackets , Bobby Ryan 10 (Artemi Panarin 30, Tyler Seguin 25) at 19:14 (PP)
Penalties :
Drew Doughty (Van) for Holding (Minor) at 11:47, Alex Goligoski (Van) for Hooking (Minor) at 19:10
2nd period
3. Canucks , Derick Brassard 20 (Jason Akeson 14) at 17:04
Penalties :
Devin Setoguchi (Clb) for Roughing (Minor) at 2:18, Paul Stastny (Van) for High sticking (Minor) at 5:46, Rob Scuderi (Clb) for Tripping (Minor) at 19:08
3rd period
4. Canucks , Paul Stastny 8 (Tyler Myers 6, Derick Brassard 33) at 0:37 (PP)
Penalties :
Rickard Rakell (Clb) for Holding (Minor) at 6:16, Rickard Rakell (Clb) for Hooking (Minor) at 10:58, Ryan Wilson (Clb) for Holding (Minor) at 15:33
Goalie Stats
Jonas Gustavsson (Clb), 19 saves from 22 shots - (0.864), L, 6-4-1, 60:00 minutes
Ryan Miller (Van), 23 saves from 24 shots - (0.958), W, 8-21-4, 60:00 minutes
Players Stats for Blue Jackets
Player Name G A P +/- PIM S H SB GA TA FO MP PP MP PK MP
------------------------------------------------------------------------------------
Artemi Panarin 0 1 1 0 0 2 3 0 1 0 1/2 19:15 1:58 2:58
Bobby Ryan 1 0 1 0 0 3 1 0 0 0 0/0 16:39 1:58 0:00
Brandon Bollig 0 0 0 -1 0 0 0 0 0 0 0/0 10:36 0:00 1:58
Cam Fowler 0 0 0 -1 0 1 2 2 0 0 0/0 25:21 1:57 5:39
Dennis Wideman 0 0 0 0 0 2 1 0 1 1 0/0 21:38 2:05 3:46
Devin Setoguchi 0 0 0 -1 2 3 2 1 1 1 0/0 12:50 0:09 0:00
Henrik Sedin 0 0 0 -1 0 0 3 0 1 1 3/8 17:57 2:04 2:37
Kevin Porter 0 0 0 -1 0 0 0 0 0 0 1/5 7:59 0:00 0:00
Matt Calvert 0 0 0 0 0 0 1 0 0 1 0/1 10:24 0:00 0:00
Mike Lundin 0 0 0 -1 0 1 2 0 0 0 0/0 25:21 1:57 5:39
Rickard Rakell 0 0 0 -1 4 4 0 0 0 1 0/0 19:02 2:04 3:08
Rob Scuderi 0 0 0 0 2 0 2 2 0 1 0/0 18:42 2:05 3:08
Ryan Wilson 0 0 0 -1 2 0 1 2 0 0 0/0 13:03 0:00 0:00
Shea Theodore 0 0 0 -1 0 3 0 0 1 0 0/0 15:54 0:00 0:38
T.J. Oshie 0 0 0 -1 0 3 0 1 1 0 0/0 9:53 2:04 0:00
Tim Connolly 0 0 0 0 0 0 4 0 0 0 2/5 10:24 0:00 0:00
Tyler Kennedy 0 0 0 0 0 1 1 2 0 0 1/2 13:33 0:00 2:36
Tyler Seguin 0 1 1 0 0 1 2 1 0 0 11/25 21:59 1:49 5:33
Players Stats for Canucks
Player Name G A P +/- PIM S H SB GA TA FO MP PP MP PK MP
------------------------------------------------------------------------------------
Alex Goligoski 0 0 0 1 2 1 0 1 1 2 0/0 23:44 5:13 1:00
Alexander Steen 0 0 0 0 0 0 0 0 0 0 0/0 2:50 0:19 0:56
Anton Zlobin 0 0 0 0 0 0 0 0 0 0 0/0 6:37 0:19 0:00
Cody Eakin 0 0 0 0 0 0 2 0 0 0 3/3 11:55 0:00 0:00
Derick Brassard 1 2 3 2 0 2 1 0 2 0 3/7 18:51 3:55 1:02
Drew Doughty 0 0 0 1 2 2 3 1 0 1 0/0 24:59 5:13 1:03
Fabian Brunnstrom 0 0 0 0 0 1 2 0 0 0 0/1 12:26 0:19 0:00
Garnet Hathaway 0 0 0 0 0 2 2 0 0 0 0/1 11:21 0:00 0:00
Jason Akeson 1 1 2 2 0 2 2 0 0 0 1/1 17:49 3:55 0:00
Maxim Talbot 0 0 0 0 0 1 2 1 0 0 3/3 7:42 0:00 0:56
Michael Kostka 0 0 0 1 0 0 2 0 0 2 0/0 19:57 0:00 1:59
Nick Palmieri 0 0 0 0 0 2 4 0 0 0 0/0 22:09 5:11 2:04
Paul Stastny 1 1 2 2 2 1 2 1 0 0 1/1 18:13 3:55 0:00
Robert Nilsson 0 0 0 0 0 1 0 0 0 0 16/28 22:00 5:11 2:04
Sam Gagner 0 0 0 0 0 6 4 1 1 1 2/3 23:57 5:11 1:02
Shea Weber 0 0 0 0 0 0 1 1 1 0 0/0 10:14 0:00 0:00
Tyler Myers 0 1 1 1 0 1 1 2 0 0 0/0 23:14 4:12 1:59
Yann Sauvé 0 0 0 0 0 0 1 0 1 0 0/0 17:57 4:12 2:03
3 Stars
1 - Derick Brassard (Van)
2 - Jason Akeson (Van)
3 - Paul Stastny (Van)
Power Play
Blue Jackets - 1 on 3 Attempt(s) - 33.33%
Canucks - 1 on 5 Attempt(s) - 20.00%
Penalty Kill
Blue Jackets - 4 on 5 Attempt(s) - 80.00%
- Score 0 goal in Penalty Kill
Canucks - 2 on 3 Attempt(s) - 66.67%
- Score 0 goal in Penalty Kill
Team Stat
Blue Jackets - Hits : 25 - Faceoff Wins : 19 - Blocked Shots : 11 - Penalty Minutes : 10
Canucks - Hits : 29 - Faceoff Wins : 29 - Blocked Shots : 8 - Penalty Minutes : 6
Official
Referees : Jon McIsaac and Mitch Dunning
Linesman : David Brisebois and Jesse Marquis
Game Notes
No Game Note
Finance
Level 1 -- Attendance: 5193 (86.55%) -- Ticket Income $519,300
Level 2 -- Attendance: 4986 (99.72%) -- Ticket Income $299,160
Level 3 -- Attendance: 1862 (93.10%) -- Ticket Income $65,170
Level 4 -- Attendance: 3630 (90.75%) -- Ticket Income $90,750
Luxury Box -- Attendance: 921 (92.10%) -- Ticket Income $184,200
Game was played at the Rodgers Arena.
Total Attendance: 16592 (92.18%)
Total Ticket Income: $1,158,580
Other Income: $173,787
Total Income: $1,332,367
Blue Jackets
5 vs 5 Forward
Center Left Wing Right Wing Time % Phy DF OF
1 Tyler Seguin Artemi Panarin Bobby Ryan 40 0 1 4
2 Henrik Sedin Rickard Rakell Devin Setoguchi 30 0 2 3
3 Tim Connolly Matt Calvert Tyler Kennedy 20 1 2 2
4 Kevin Porter Brandon Bollig T.J. Oshie 10 1 3 1
5 vs 5 Defense
Defense Defense Time % Phy DF OF
1 Mike Lundin Cam Fowler 40 1 2 2
2 Shea Theodore Dennis Wideman 30 1 2 2
3 Ryan Wilson Rob Scuderi 20 1 2 2
4 Mike Lundin Cam Fowler 10 1 2 2
PowerPlay Forward
Center Left Wing Right Wing Time % Phy DF OF
1 Tyler Seguin Artemi Panarin Bobby Ryan 60 1 2 2
2 Henrik Sedin Rickard Rakell T.J. Oshie 40 1 2 2
PowerPlay Defense
Defense Defense Time % Phy DF OF
1 Mike Lundin Cam Fowler 60 1 2 2
2 Rob Scuderi Dennis Wideman 40 1 2 2
Penalty Kill 4 Players Forward
Center Wing Time % Phy DF OF
1 Tyler Seguin Rickard Rakell 60 1 2 2
2 Henrik Sedin Brandon Bollig 40 1 2 2
Penalty Kill 4 Players Defense
Defense Defense Time % Phy DF OF
1 Mike Lundin Cam Fowler 60 1 2 2
2 Rob Scuderi Dennis Wideman 40 1 2 2
Penalty Kill - 3 Players Forward
Forward Time % Phy DF OF
1 Tyler Seguin 60 1 2 2
2 Rickard Rakell 40 1 2 2
Penalty Kill - 3 Players Defense
Defense Defense Time % Phy DF OF
1 Mike Lundin Cam Fowler 60 1 2 2
2 Rob Scuderi Dennis Wideman 40 1 2 2
4 vs 4 Forward
Center Wing Time % Phy DF OF
1 Tyler Seguin Artemi Panarin 60 1 2 2
2 Henrik Sedin Bobby Ryan 40 1 2 2
4 vs 4 Defense
Defense Defense Time % Phy DF OF
1 Mike Lundin Cam Fowler 60 1 2 2
2 Rob Scuderi Dennis Wideman 40 1 2 2
Last Minutes Offensive
Center Left Wing Right Wing Defense Defense
Tyler Seguin Artemi Panarin Bobby Ryan Mike Lundin Cam Fowler
Last Minutes Defensive
Center Left Wing Right Wing Defense Defense
Tyler Seguin Artemi Panarin Bobby Ryan Mike Lundin Cam Fowler
Goaltenders
Starting : Jonas Gustavsson
Backup : Phoenix Copley
Extra Forwards
Normal : Artemi Panarin, Tyler Seguin, Bobby Ryan - PP : Devin Setoguchi, Tim Connolly - PK : Tyler Kennedy
Extra Defensemen
Normal : Ryan Wilson, Shea Theodore, Rob Scuderi - PP : Ryan Wilson - PK : Shea Theodore, Rob Scuderi
Penalty Shots
Tyler Seguin, Artemi Panarin, Henrik Sedin, Bobby Ryan, Rickard Rakell
Scratches
Andreas Nodl (Healthy), Colton Parayko (Facial Surgery Injury), Emerson Etem (Fractured Left Foot Injury), Martin Havlat (Healthy), Zac Dalpe (Torso Injury)
Rick DiPietro (Healthy)
Canucks
5 vs 5 Forward
Center Left Wing Right Wing Time % Phy DF OF
1 Robert Nilsson Sam Gagner Nick Palmieri 56 2 0 3
2 Derick Brassard Paul Stastny Jason Akeson 30 1 2 2
3 Cody Eakin Fabian Brunnstrom Garnet Hathaway 9 2 3 0
4 Maxim Talbot Sam Gagner Anton Zlobin 5 2 3 0
5 vs 5 Defense
Defense Defense Time % Phy DF OF
1 Drew Doughty Tyler Myers 50 1 2 2
2 Alex Goligoski Michael Kostka 35 0 3 2
3 Yann Sauvé Shea Weber 10 1 3 1
4 Drew Doughty Alex Goligoski 5 0 2 3
PowerPlay Forward
Center Left Wing Right Wing Time % Phy DF OF
1 Robert Nilsson Sam Gagner Nick Palmieri 70 0 0 5
2 Derick Brassard Paul Stastny Jason Akeson 30 0 2 3
PowerPlay Defense
Defense Defense Time % Phy DF OF
1 Drew Doughty Alex Goligoski 60 0 0 5
2 Yann Sauvé Tyler Myers 40 0 0 5
Penalty Kill 4 Players Forward
Center Wing Time % Phy DF OF
1 Robert Nilsson Nick Palmieri 60 2 3 0
2 Derick Brassard Sam Gagner 40 3 2 0
Penalty Kill 4 Players Defense
Defense Defense Time % Phy DF OF
1 Tyler Myers Michael Kostka 60 3 2 0
2 Yann Sauvé Drew Doughty 40 2 3 0
Penalty Kill - 3 Players Forward
Forward Time % Phy DF OF
1 Robert Nilsson 60 1 2 2
2 Derick Brassard 40 1 2 2
Penalty Kill - 3 Players Defense
Defense Defense Time % Phy DF OF
1 Tyler Myers Drew Doughty 65 1 2 2
2 Yann Sauvé Michael Kostka 35 1 2 2
4 vs 4 Forward
Center Wing Time % Phy DF OF
1 Robert Nilsson Sam Gagner 60 1 2 2
2 Derick Brassard Paul Stastny 40 1 2 2
4 vs 4 Defense
Defense Defense Time % Phy DF OF
1 Tyler Myers Drew Doughty 60 1 2 2
2 Alex Goligoski Michael Kostka 40 1 2 2
Last Minutes Offensive
Center Left Wing Right Wing Defense Defense
Robert Nilsson Sam Gagner Nick Palmieri Tyler Myers Drew Doughty
Last Minutes Defensive
Center Left Wing Right Wing Defense Defense
Robert Nilsson Sam Gagner Derick Brassard Michael Kostka Yann Sauvé
Goaltenders
Starting : Ryan Miller
Backup : Keith Kinkaid
Extra Forwards
Normal : Fabian Brunnstrom, Jason Akeson, Maxim Talbot - PP : Fabian Brunnstrom, Jason Akeson - PK : Maxim Talbot
Extra Defensemen
Normal : Drew Doughty, Yann Sauvé, Michael Kostka - PP : Drew Doughty - PK : Tyler Myers, Michael Kostka
Penalty Shots
Derick Brassard, Robert Nilsson, Drew Doughty, Sam Gagner, Paul Stastny
Scratches
Simon Despres (Healthy), Pekka Rinne (Healthy)
% Time on Ice - Blue Jackets
Lines # - Real PCT - Wanted PCT - Time Play
Normal Forward
1 - 33% - 40% - 15:29
2 - 28% - 30% - 12:59
3 - 22% - 20% - 10:24
4 - 17% - 10% - 7:41
Normal Defense
1 - 37% - 40% - 17:11
2 - 35% - 30% - 16:23
3 - 26% - 20% - 11:54
4 - 2% - 10% - 1:05
PP Forward
1 - 49% - 60% - 1:58
2 - 51% - 40% - 2:04
PP Defense
1 - 48% - 60% - 1:57
2 - 52% - 40% - 2:05
PK Forward
1 - 87% - 60% - 8:12
2 - 13% - 40% - 1:13
PK Defense
1 - 62% - 60% - 5:48
2 - 38% - 40% - 3:37
PK3 Forward
1 - 0% - 60%
2 - 0% - 40%
PK3 Defense
1 - 0% - 60%
2 - 0% - 40%
44 Forward
1 - 0% - 60%
2 - 0% - 40%
44 Defense
1 - 0% - 60%
2 - 0% - 40%
Last Minute Offensive - 0:00
Last Minute Defensive - 0:00
Total
Forward - 60:00
Defense - 60:00
|
% Time on Ice - Canucks
Lines # - Real PCT - Wanted PCT - Time Play
Normal Forward
1 - 33% - 56% - 15:21
2 - 31% - 30% - 14:39
3 - 24% - 9% - 11:18
4 - 11% - 5% - 5:15
Normal Defense
1 - 36% - 50% - 16:44
2 - 39% - 35% - 18:15
3 - 22% - 10% - 10:14
4 - 3% - 5% - 1:20
PP Forward
1 - 55% - 70% - 5:11
2 - 45% - 30% - 4:14
PP Defense
1 - 55% - 60% - 5:13
2 - 45% - 40% - 4:12
PK Forward
1 - 74% - 60% - 3:00
2 - 26% - 40% - 1:02
PK Defense
1 - 49% - 60% - 1:59
2 - 51% - 40% - 2:03
PK3 Forward
1 - 0% - 60%
2 - 0% - 40%
PK3 Defense
1 - 0% - 65%
2 - 0% - 35%
44 Forward
1 - 0% - 60%
2 - 0% - 40%
44 Defense
1 - 0% - 60%
2 - 0% - 40%
Last Minute Offensive - 0:00
Last Minute Defensive - 0:00
Total
Forward - 60:00
Defense - 60:00
|
Play-by-Play
1st period
0:01 of 1st period - Robert Nilsson wins face-off versus Tyler Seguin in neutral zone.
0:08 of 1st period - Icing by Cam Fowler.
0:09 of 1st period - Robert Nilsson wins face-off versus Tyler Seguin in Blue Jackets zone.
1:42 of 1st period - Wrist shot by Sam Gagner.
1:42 of 1st period - Stopped by Jonas Gustavsson without a rebound.
1:43 of 1st period - Paul Stastny wins face-off versus Henrik Sedin in Blue Jackets zone.
1:45 of 1st period - Icing by Dennis Wideman.
1:46 of 1st period - Jason Akeson wins face-off versus Henrik Sedin in Blue Jackets zone.
1:49 of 1st period - Wrist shot by Derick Brassard.
1:49 of 1st period - Deflect By Shea Theodore.
1:49 of 1st period - Stopped by Jonas Gustavsson with a rebound.
1:59 of 1st period - Snap shot by Devin Setoguchi.
1:59 of 1st period - Shot Blocked by Alex Goligoski.
2:20 of 1st period - Snap shot by Tyler Kennedy.
2:20 of 1st period - Stopped by Ryan Miller without a rebound.
2:21 of 1st period - Cody Eakin wins face-off versus Tyler Kennedy in Canucks zone.
2:45 of 1st period - Tyler Kennedy is hit by Cody Eakin and loses puck.
2:50 of 1st period - Slapshot by Cody Eakin.
2:50 of 1st period - Shot Misses the Net.
2:58 of 1st period - Wrist shot by Garnet Hathaway.
2:58 of 1st period - Shot Blocked by Ryan Wilson.
3:22 of 1st period - Slapshot by Garnet Hathaway.
3:22 of 1st period - Shot Misses the Net.
3:24 of 1st period - Snap shot by Garnet Hathaway.
3:24 of 1st period - Shot Blocked by Tyler Kennedy.
3:26 of 1st period - Snap shot by Garnet Hathaway.
3:26 of 1st period - Stopped by Jonas Gustavsson without a rebound.
3:27 of 1st period - Derick Brassard wins face-off versus Henrik Sedin in Blue Jackets zone.
3:36 of 1st period - Snap shot by Derick Brassard.
3:36 of 1st period - Shot Misses the Net.
3:42 of 1st period - Wrist shot by Rickard Rakell.
3:42 of 1st period - Stopped by Ryan Miller with a rebound.
4:16 of 1st period - Tyler Myers is hit by Artemi Panarin and loses puck.
4:39 of 1st period - Tyler Myers is hit by Devin Setoguchi and loses puck.
4:56 of 1st period - Shea Weber is hit by Cam Fowler and loses puck.
5:24 of 1st period - Shea Weber is hit by Devin Setoguchi and loses puck.
6:28 of 1st period - Wrist shot by Devin Setoguchi.
6:28 of 1st period - Stopped by Ryan Miller with a rebound.
6:34 of 1st period - Snap shot by Devin Setoguchi.
6:34 of 1st period - Stopped by Ryan Miller with a rebound.
7:15 of 1st period - Rob Scuderi is hit by Sam Gagner and loses puck.
7:30 of 1st period - Snap shot by Rickard Rakell.
7:30 of 1st period - Shot Blocked by Drew Doughty.
8:03 of 1st period - Wrist shot by Devin Setoguchi.
8:03 of 1st period - Shot Misses the Net.
8:05 of 1st period - Snap shot by Rob Scuderi.
8:05 of 1st period - Shot Blocked by Paul Stastny.
8:07 of 1st period - Wrist shot by Rickard Rakell.
8:07 of 1st period - Stopped by Ryan Miller with a rebound.
9:12 of 1st period - Wrist shot by Devin Setoguchi.
9:12 of 1st period - Stopped by Ryan Miller without a rebound.
9:13 of 1st period - Robert Nilsson wins face-off versus Tyler Seguin in Canucks zone.
9:18 of 1st period - Wrist shot by Nick Palmieri.
9:18 of 1st period - Shot Blocked by Cam Fowler.
9:26 of 1st period - Wrist shot by Sam Gagner.
9:26 of 1st period - Stopped by Jonas Gustavsson without a rebound.
9:27 of 1st period - Sam Gagner wins face-off versus Tyler Seguin in Blue Jackets zone.
10:24 of 1st period - Slapshot by T.J. Oshie.
10:24 of 1st period - Stopped by Ryan Miller without a rebound.
10:25 of 1st period - Robert Nilsson wins face-off versus Tyler Seguin in Canucks zone.
10:48 of 1st period - Yann Sauvé is hit by Tyler Kennedy and loses puck.
11:00 of 1st period - Icing by Matt Calvert.
11:01 of 1st period - Robert Nilsson wins face-off versus Tim Connolly in Blue Jackets zone.
11:04 of 1st period - Wrist shot by Sam Gagner.
11:04 of 1st period - Shot Blocked by Tyler Kennedy.
11:09 of 1st period - Off-side.
11:10 of 1st period - Robert Nilsson wins face-off versus Tyler Seguin in neutral zone.
11:13 of 1st period - Mike Lundin is hit by Sam Gagner and loses puck.
11:47 of 1st period - Minor Penalty to Drew Doughty for Holding.
11:48 of 1st period - Tyler Seguin wins face-off versus Robert Nilsson in Canucks zone.
12:00 of 1st period - Snap shot by Nick Palmieri.
12:00 of 1st period - Stopped by Jonas Gustavsson with a rebound.
12:02 of 1st period - Snap shot by Robert Nilsson.
12:02 of 1st period - Stopped by Jonas Gustavsson with a rebound.
13:10 of 1st period - Derick Brassard is hit by Bobby Ryan and loses puck.
13:47 of 1st period - Penalty to Drew Doughty is over, Drew Doughty is back on ice.
13:57 of 1st period - Rob Scuderi is hit by Fabian Brunnstrom and loses puck.
14:06 of 1st period - Wrist shot by Cody Eakin.
14:06 of 1st period - Shot Misses the Net.
14:22 of 1st period - Wrist shot by Sam Gagner.
14:22 of 1st period - Stopped by Jonas Gustavsson with a rebound.
14:24 of 1st period - Snap shot by Sam Gagner.
14:24 of 1st period - Shot Misses the Net.
14:46 of 1st period - Backhand shot by Brandon Bollig.
14:46 of 1st period - Shot Misses the Net.
15:27 of 1st period - Ryan Wilson is hit by Yann Sauvé and loses puck.
15:38 of 1st period - Shea Theodore is hit by Maxim Talbot and loses puck.
15:58 of 1st period - Snap shot by Tyler Seguin.
15:58 of 1st period - Shot Misses the Net.
16:00 of 1st period - Wrist shot by Bobby Ryan.
16:00 of 1st period - Shot Blocked by Maxim Talbot.
16:02 of 1st period - Slapshot by Mike Lundin.
16:02 of 1st period - Stopped by Ryan Miller without a rebound.
16:03 of 1st period - Henrik Sedin wins face-off versus Derick Brassard in Canucks zone.
16:06 of 1st period - Snap shot by Rickard Rakell.
16:06 of 1st period - Shot Misses the Net.
16:14 of 1st period - Wrist shot by Paul Stastny.
16:14 of 1st period - Shot Misses the Net.
16:16 of 1st period - Snap shot by Jason Akeson.
16:16 of 1st period - Goal by Jason Akeson - Blue Jackets : 0 - Canucks : 1.
16:17 of 1st period - Henrik Sedin wins face-off versus Robert Nilsson in neutral zone.
17:03 of 1st period - Michael Kostka is hit by Tim Connolly and loses puck.
17:51 of 1st period - Rob Scuderi is hit by Jason Akeson.
18:36 of 1st period - Slapshot by Tim Connolly.
18:36 of 1st period - Shot Misses the Net.
19:10 of 1st period - Minor Penalty to Alex Goligoski for Hooking.
19:11 of 1st period - Tyler Seguin wins face-off versus Robert Nilsson in Canucks zone.
19:12 of 1st period - Wrist shot by Artemi Panarin.
19:12 of 1st period - Shot Misses the Net.
19:14 of 1st period - Snap shot by Bobby Ryan.
19:14 of 1st period - Goal by Bobby Ryan - Blue Jackets : 1 - Canucks : 1.
19:15 of 1st period - Robert Nilsson wins face-off versus Tyler Seguin in neutral zone.
19:39 of 1st period - Icing by Cam Fowler.
19:40 of 1st period - Derick Brassard wins face-off versus Tyler Seguin in Blue Jackets zone.
19:45 of 1st period - Wrist shot by Jason Akeson.
19:45 of 1st period - Stopped by Jonas Gustavsson without a rebound.
19:46 of 1st period - Henrik Sedin wins face-off versus Derick Brassard in Blue Jackets zone.
Goals for this period are 1 for Blue Jackets vs 1 for Canucks.
Shots for this period are 9 for Blue Jackets vs 9 for Canucks.
2nd period
0:01 of 2nd period - Tyler Seguin wins face-off versus Robert Nilsson in neutral zone.
0:03 of 2nd period - Artemi Panarin is hit by Drew Doughty and loses puck.
0:26 of 2nd period - Henrik Sedin is hit by Drew Doughty and loses puck.
0:47 of 2nd period - Snap shot by T.J. Oshie.
0:47 of 2nd period - Shot Blocked by Tyler Myers.
0:49 of 2nd period - Slapshot by Dennis Wideman.
0:49 of 2nd period - Shot Misses the Net.
0:51 of 2nd period - Slapshot by Shea Theodore.
0:51 of 2nd period - Stopped by Ryan Miller without a rebound.
0:52 of 2nd period - Robert Nilsson wins face-off versus Kevin Porter in Canucks zone.
1:03 of 2nd period - Wrist shot by Sam Gagner.
1:03 of 2nd period - Shot Hit the Post.
1:05 of 2nd period - Slapshot by Nick Palmieri.
1:05 of 2nd period - Shot Blocked by T.J. Oshie.
1:19 of 2nd period - Fabian Brunnstrom is hit by Tyler Seguin.
1:23 of 2nd period - Slapshot by Bobby Ryan.
1:23 of 2nd period - Stopped by Ryan Miller without a rebound.
1:24 of 2nd period - Tyler Seguin wins face-off versus Robert Nilsson in Canucks zone.
1:53 of 2nd period - Slapshot by Cam Fowler.
1:53 of 2nd period - Deflect By Devin Setoguchi.
1:53 of 2nd period - Shot Misses the Net.
1:53 of 2nd period - Puck is out of play.
1:54 of 2nd period - Sam Gagner wins face-off versus Henrik Sedin in Canucks zone.
1:54 of 2nd period - Alex Goligoski is hit by Henrik Sedin and loses puck.
2:07 of 2nd period - Wrist shot by Sam Gagner.
2:07 of 2nd period - Shot Misses the Net.
2:18 of 2nd period - Minor Penalty to Devin Setoguchi for Roughing.
2:19 of 2nd period - Tyler Seguin wins face-off versus Robert Nilsson in Blue Jackets zone.
2:27 of 2nd period - Tyler Seguin is hit by Nick Palmieri and loses puck.
2:54 of 2nd period - Cam Fowler is hit by Drew Doughty and loses puck.
4:05 of 2nd period - Alex Goligoski is hit by Artemi Panarin and loses puck.
4:18 of 2nd period - Penalty to Devin Setoguchi is over, Devin Setoguchi is back on ice.
4:34 of 2nd period - Snap shot by T.J. Oshie.
4:34 of 2nd period - Stopped by Ryan Miller with a rebound.
4:44 of 2nd period - Maxim Talbot is hit by Tim Connolly and loses puck.
5:04 of 2nd period - Icing by Dennis Wideman.
5:05 of 2nd period - Tim Connolly wins face-off versus Garnet Hathaway in Blue Jackets zone.
5:05 of 2nd period - Tim Connolly is hit by Fabian Brunnstrom.
5:15 of 2nd period - Snap shot by Rickard Rakell.
5:15 of 2nd period - Stopped by Ryan Miller without a rebound.
5:16 of 2nd period - Robert Nilsson wins face-off versus Henrik Sedin in Canucks zone.
5:23 of 2nd period - Snap shot by Nick Palmieri.
5:23 of 2nd period - Shot Blocked by Ryan Wilson.
5:25 of 2nd period - Wrist shot by Sam Gagner.
5:25 of 2nd period - Shot Blocked by Devin Setoguchi.
5:27 of 2nd period - Wrist shot by Sam Gagner.
5:27 of 2nd period - Shot Blocked by Rob Scuderi.
5:29 of 2nd period - Wrist shot by Sam Gagner.
5:29 of 2nd period - Stopped by Jonas Gustavsson with a rebound.
5:31 of 2nd period - Wrist shot by Nick Palmieri.
5:31 of 2nd period - Shot Misses the Net.
5:46 of 2nd period - Minor Penalty to Paul Stastny for High sticking.
5:47 of 2nd period - Robert Nilsson wins face-off versus Artemi Panarin in Canucks zone.
6:24 of 2nd period - Wrist shot by Rickard Rakell.
6:24 of 2nd period - Deflect By Yann Sauvé.
6:24 of 2nd period - Stopped by Ryan Miller without a rebound.
6:25 of 2nd period - Artemi Panarin wins face-off versus Derick Brassard in Canucks zone.
6:28 of 2nd period - Snap shot by Artemi Panarin.
6:28 of 2nd period - Shot Blocked by Sam Gagner.
6:40 of 2nd period - Nick Palmieri is hit by Tyler Seguin and loses puck.
7:41 of 2nd period - Snap shot by Rickard Rakell.
7:41 of 2nd period - Shot Misses the Net.
7:46 of 2nd period - Penalty to Paul Stastny is over, Paul Stastny is back on ice.
7:55 of 2nd period - Wrist shot by Rickard Rakell.
7:55 of 2nd period - Shot Blocked by Tyler Myers.
8:15 of 2nd period - Backhand shot by T.J. Oshie.
8:15 of 2nd period - Stopped by Ryan Miller without a rebound.
8:16 of 2nd period - Cody Eakin wins face-off versus Tyler Seguin in Canucks zone.
8:16 of 2nd period - Cody Eakin is hit by Cam Fowler.
8:21 of 2nd period - Alex Goligoski is hit by Mike Lundin and loses puck.
8:32 of 2nd period - Tyler Seguin is hit by Garnet Hathaway and loses puck.
9:16 of 2nd period - Icing by Drew Doughty.
9:17 of 2nd period - Maxim Talbot wins face-off versus Kevin Porter in Canucks zone.
9:32 of 2nd period - Snap shot by Maxim Talbot.
9:32 of 2nd period - Stopped by Jonas Gustavsson with a rebound.
9:42 of 2nd period - Yann Sauvé is hit by Tim Connolly and loses puck.
10:03 of 2nd period - Sam Gagner is hit by Artemi Panarin and loses puck.
10:10 of 2nd period - Artemi Panarin is hit by Sam Gagner and loses puck.
10:21 of 2nd period - Artemi Panarin is hit by Cody Eakin and loses puck.
11:05 of 2nd period - Jason Akeson is hit by Ryan Wilson.
11:32 of 2nd period - Slapshot by Shea Theodore.
11:32 of 2nd period - Stopped by Ryan Miller without a rebound.
11:33 of 2nd period - Kevin Porter wins face-off versus Robert Nilsson in Canucks zone.
11:48 of 2nd period - Brandon Bollig is hit by Paul Stastny and loses puck.
11:59 of 2nd period - Dennis Wideman is hit by Jason Akeson and loses puck.
12:12 of 2nd period - Alex Goligoski is hit by Henrik Sedin and loses puck.
12:53 of 2nd period - Tyler Seguin is hit by Nick Palmieri and loses puck.
13:47 of 2nd period - Tyler Kennedy is hit by Michael Kostka and loses puck.
14:18 of 2nd period - Slapshot by Dennis Wideman.
14:18 of 2nd period - Stopped by Ryan Miller with a rebound.
14:35 of 2nd period - Icing by Derick Brassard.
14:36 of 2nd period - Derick Brassard wins face-off versus Tim Connolly in Canucks zone.
14:47 of 2nd period - Wrist shot by Sam Gagner.
14:47 of 2nd period - Stopped by Jonas Gustavsson with a rebound.
14:49 of 2nd period - Slapshot by Drew Doughty.
14:49 of 2nd period - Deflect By Cam Fowler.
14:49 of 2nd period - Stopped by Jonas Gustavsson with a rebound.
15:01 of 2nd period - Alex Goligoski is hit by Mike Lundin and loses puck.
15:30 of 2nd period - Devin Setoguchi is hit by Shea Weber.
15:48 of 2nd period - Slapshot by Dennis Wideman.
15:48 of 2nd period - Stopped by Ryan Miller without a rebound.
15:49 of 2nd period - Tyler Seguin wins face-off versus Derick Brassard in Canucks zone.
15:50 of 2nd period - Snap shot by Artemi Panarin.
15:50 of 2nd period - Stopped by Ryan Miller with a rebound.
16:20 of 2nd period - Wrist shot by Garnet Hathaway.
16:20 of 2nd period - Stopped by Jonas Gustavsson with a rebound.
16:40 of 2nd period - Nick Palmieri is hit by Tim Connolly and loses puck.
17:04 of 2nd period - Wrist shot by Derick Brassard.
17:04 of 2nd period - Goal by Derick Brassard - Blue Jackets : 1 - Canucks : 2.
17:05 of 2nd period - Robert Nilsson wins face-off versus Tyler Seguin in neutral zone.
17:08 of 2nd period - Bobby Ryan is hit by Nick Palmieri and loses puck.
17:52 of 2nd period - Tyler Kennedy is hit by Garnet Hathaway and loses puck.
18:13 of 2nd period - Robert Nilsson is hit by Dennis Wideman and loses puck.
19:08 of 2nd period - Minor Penalty to Rob Scuderi for Tripping.
19:09 of 2nd period - Tyler Seguin wins face-off versus Robert Nilsson in Blue Jackets zone.
19:36 of 2nd period - Shea Theodore is hit by Derick Brassard.
Goals for this period are 0 for Blue Jackets vs 1 for Canucks.
Shots for this period are 10 for Blue Jackets vs 6 for Canucks.
3rd period
0:01 of 3rd period - Tyler Seguin wins face-off versus Robert Nilsson in neutral zone.
0:26 of 3rd period - Tyler Seguin is hit by Paul Stastny and loses puck.
0:35 of 3rd period - Slapshot by Tyler Myers.
0:35 of 3rd period - Stopped by Jonas Gustavsson with a rebound.
0:37 of 3rd period - Wrist shot by Paul Stastny.
0:37 of 3rd period - Goal by Paul Stastny - Blue Jackets : 1 - Canucks : 3.
0:38 of 3rd period - Robert Nilsson wins face-off versus Tyler Seguin in neutral zone.
1:09 of 3rd period - Matt Calvert is hit by Sam Gagner and loses puck.
1:59 of 3rd period - Wrist shot by Cody Eakin.
1:59 of 3rd period - Shot Misses the Net.
2:25 of 3rd period - Off-side.
2:26 of 3rd period - Maxim Talbot wins face-off versus Matt Calvert in neutral zone.
2:33 of 3rd period - Wrist shot by Maxim Talbot.
2:33 of 3rd period - Deflect By Sam Gagner.
2:33 of 3rd period - Shot Misses the Net.
2:33 of 3rd period - Puck is out of play.
2:34 of 3rd period - Maxim Talbot wins face-off versus Tyler Seguin in Blue Jackets zone.
2:39 of 3rd period - Slapshot by Sam Gagner.
2:39 of 3rd period - Deflect By Maxim Talbot.
2:39 of 3rd period - Shot Blocked by Tyler Seguin.
2:39 of 3rd period - Puck is out of play.
2:40 of 3rd period - Tyler Seguin wins face-off versus Robert Nilsson in Blue Jackets zone.
2:40 of 3rd period - Tyler Seguin is hit by Michael Kostka.
3:06 of 3rd period - Sam Gagner is hit by Matt Calvert and loses puck.
5:28 of 3rd period - Snap shot by Cam Fowler.
5:28 of 3rd period - Stopped by Ryan Miller with a rebound.
5:48 of 3rd period - Snap shot by Artemi Panarin.
5:48 of 3rd period - Shot Blocked by Shea Weber.
5:50 of 3rd period - Wrist shot by Cam Fowler.
5:50 of 3rd period - Shot Misses the Net.
5:52 of 3rd period - Snap shot by Artemi Panarin.
5:52 of 3rd period - Stopped by Ryan Miller with a rebound.
5:54 of 3rd period - Slapshot by Bobby Ryan.
5:54 of 3rd period - Stopped by Ryan Miller with a rebound.
5:56 of 3rd period - Snap shot by Tyler Seguin.
5:56 of 3rd period - Stopped by Ryan Miller with a rebound.
5:58 of 3rd period - Slapshot by Cam Fowler.
5:58 of 3rd period - Shot Hit the Post.
6:16 of 3rd period - Minor Penalty to Rickard Rakell for Holding.
6:17 of 3rd period - Robert Nilsson wins face-off versus Tyler Seguin in Blue Jackets zone.
6:53 of 3rd period - Wrist shot by Sam Gagner.
6:53 of 3rd period - Shot Blocked by Rob Scuderi.
8:06 of 3rd period - Icing by Alexander Steen.
8:07 of 3rd period - Tyler Seguin wins face-off versus Fabian Brunnstrom in Canucks zone.
8:16 of 3rd period - Penalty to Rickard Rakell is over, Rickard Rakell is back on ice.
8:43 of 3rd period - Wrist shot by Tyler Kennedy.
8:43 of 3rd period - Shot Hit the Post.
9:05 of 3rd period - Slapshot by Rickard Rakell.
9:05 of 3rd period - Deflect By Paul Stastny.
9:05 of 3rd period - Shot Misses the Net.
9:05 of 3rd period - Puck is out of play.
9:06 of 3rd period - Robert Nilsson wins face-off versus Kevin Porter in Canucks zone.
9:29 of 3rd period - Shea Weber is hit by Henrik Sedin and loses puck.
10:58 of 3rd period - Minor Penalty to Rickard Rakell for Hooking.
10:59 of 3rd period - Tyler Seguin wins face-off versus Sam Gagner in Blue Jackets zone.
11:30 of 3rd period - Wrist shot by Jason Akeson.
11:30 of 3rd period - Shot Misses the Net.
11:32 of 3rd period - Slapshot by Drew Doughty.
11:32 of 3rd period - Stopped by Jonas Gustavsson without a rebound.
11:33 of 3rd period - Tyler Kennedy wins face-off versus Robert Nilsson in Blue Jackets zone.
11:58 of 3rd period - Tyler Myers is hit by Rob Scuderi and loses puck.
12:58 of 3rd period - Penalty to Rickard Rakell is over, Rickard Rakell is back on ice.
13:10 of 3rd period - Wrist shot by Garnet Hathaway.
13:10 of 3rd period - Shot Misses the Net.
13:12 of 3rd period - Slapshot by Alex Goligoski.
13:12 of 3rd period - Stopped by Jonas Gustavsson with a rebound.
13:14 of 3rd period - Slapshot by Michael Kostka.
13:14 of 3rd period - Shot Misses the Net.
13:16 of 3rd period - Snap shot by Fabian Brunnstrom.
13:16 of 3rd period - Stopped by Jonas Gustavsson with a rebound.
13:54 of 3rd period - Off-side.
13:55 of 3rd period - Tim Connolly wins face-off versus Robert Nilsson in neutral zone.
13:55 of 3rd period - Tim Connolly is hit by Maxim Talbot.
14:15 of 3rd period - Dennis Wideman is hit by Nick Palmieri and loses puck.
14:54 of 3rd period - Backhand shot by Shea Theodore.
14:54 of 3rd period - Stopped by Ryan Miller with a rebound.
15:33 of 3rd period - Minor Penalty to Ryan Wilson for Holding.
15:34 of 3rd period - Robert Nilsson wins face-off versus Tyler Seguin in Blue Jackets zone.
15:35 of 3rd period - Snap shot by Sam Gagner.
15:35 of 3rd period - Stopped by Jonas Gustavsson with a rebound.
15:37 of 3rd period - Wrist shot by Nick Palmieri.
15:37 of 3rd period - Shot Blocked by Cam Fowler.
15:39 of 3rd period - Slapshot by Drew Doughty.
15:39 of 3rd period - Shot Misses the Net.
17:33 of 3rd period - Penalty to Ryan Wilson is over, Ryan Wilson is back on ice.
18:29 of 3rd period - Paul Stastny is hit by Rob Scuderi and loses puck.
19:33 of 3rd period - Ryan Wilson is hit by Tyler Myers and loses puck.
19:47 of 3rd period - Icing by Kevin Porter.
19:48 of 3rd period - Cody Eakin wins face-off versus Kevin Porter in Blue Jackets zone.
19:51 of 3rd period - Snap shot by Cody Eakin.
19:51 of 3rd period - Shot Misses the Net.
19:53 of 3rd period - Snap shot by Nick Palmieri.
19:53 of 3rd period - Shot Misses the Net.
19:55 of 3rd period - Snap shot by Nick Palmieri.
19:55 of 3rd period - Stopped by Jonas Gustavsson without a rebound.
19:56 of 3rd period - Robert Nilsson wins face-off versus Tim Connolly in Blue Jackets zone.
Goals for this period are 0 for Blue Jackets vs 1 for Canucks.
Shots for this period are 5 for Blue Jackets vs 7 for Canucks.